 Dungeon Crawl Stone Soup version 0.25-a0-96-g4073cf80fb (webtiles) character file.

Game seed: 15885525988197180195, levelgen mode: classic

868 EnegeticOcto the Gusty (level 7, -2/54 HPs)
             Began as a Demonspawn Air Elementalist on Nov 11, 2019.
             Slain by a bullfrog (4 damage)
             ... on level 6 of the Dungeon.
             The game lasted 00:15:07 (7766 turns).

EnegeticOcto the Gusty (DsAE)                       Turns: 7766, Time: 00:15:07

Health: -2/54      AC:  4    Str:  8    XL:     7   Next: 73%
Magic:  6/11       EV: 19    Int: 19    God:
Gold:   278        SH:  0    Dex: 18    Spells: 6/12 levels left

rFire    + . .     SeeInvis .   w - +3 dagger (venom)
rCold    . . .     Gourm    .   (no shield)
rNeg     . . .     Faith    .   a - +0 robe
rPois    .         Spirit   .   f - +0 helmet
rElec    .         Reflect  .   y - scarf {cloud immunity}
rCorr    .         Harm     .   c - +0 pair of gloves
MR       .....                  (boots unavailable)
Stlth    +++.......             A - amulet of rage
HPRegen  0.18/turn              (no ring)
MPRegen  0.12/turn              d - ring of protection from fire

@: agile, swift, quick
A: hooves 3, powered by pain 1
a: Evoke Berserk Rage


You were on level 6 of the Dungeon.
You were not hungry.

You visited 1 branch of the dungeon, and saw 6 of its levels.

You collected 278 gold pieces.

Inventory:

Hand Weapons
 w - a +3 dagger of venom (weapon)
Missiles
 h - 95 stones (quivered)
Armour
 a - a +0 robe (worn)
 c - a +0 pair of gloves (worn)
 f - a +0 helmet (worn)
 o - a +0 chain mail
 s - a +2 plate armour of poison resistance
 y - a scarf of cloud immunity (worn)
Jewellery
 d - a ring of protection from fire (right hand)
 A - an amulet of rage (around neck)
Wands
 x - a wand of flame (16)
Scrolls
 j - 3 scrolls of teleportation {@r3 !r}
 l - a scroll of blinking {unknown}
 m - a scroll of noise {unknown}
 n - 3 scrolls of remove curse {@r2}
 p - a scroll of magic mapping {@r5 !r}
 q - a scroll of immolation
 u - a scroll of fog {!r}
 z - a scroll of fear {unknown}
Potions
 b - a potion of haste {@q4 !q}
 g - 2 potions of cancellation
 i - a potion of mutation
 r - a potion of magic {unknown}
Comestibles
 e - 14 rations
 k - a chunk of flesh


   Skills:
 - Level 4.0 Fighting
 - Level 3.3 Dodging
 - Level 4.0 Stealth
 + Level 3.2 Spellcasting
 * Level 3.0 Conjurations
 + Level 4.1 Air Magic
 - Level 2.1 Evocations


You had 6 spell levels left.
You knew the following spells:

 Your Spells              Type           Power        Failure   Level  Hunger
a - Shock                 Conj/Air       ###.         3%          1    None
b - Swiftness             Chrm/Air       ##......     10%         2    ##.....
c - Static Discharge      Conj/Air       ###.....     11%         3    ###....

Your spell library contained the following spells:

 Spells                   Type           Power        Failure   Level  Hunger
 Airstrike                Air            ###.......   26%         4    ####...
 Lightning Bolt           Conj/Air       ###.......   67%         5    ######.


Dungeon Overview and Level Annotations

Branches:
Dungeon (6/15)
 Temple: D:4-7

Altars:
Hepliaklqana
Kikubaaqudgha
Ru

Annotations:
D:2 Sigmund


Innate Abilities, Weirdness & Mutations

You have hooves in place of feet.
You sometimes gain a little power by taking damage.


Message History

You feel sick.
You feel sick.
You feel sick.
You feel sick.
You feel sick.
You are no longer poisoned.
Found a great sword.
You see here a great sword.
Found an escape hatch in the ceiling.
An orc comes into view. It is wielding a +0 whip.
Casting: Shock (safe; 3% risk of failure)
Confirm with . or Enter, or press ? or * to list all spells.
Aiming: Shock (safe; 3% risk of failure)
Press: ? - help, Shift-Dir - straight line, f - orc
Aim: an orc, wielding a +0 whip (hasn't noticed you)
The zap misses the orc.
The orc shouts!
You hear a shout!
An orc comes into view. It is wielding a +0 club.
A bullfrog, 2 orcs and an orc warrior come into view.
The orc shouts!
The bullfrog croaks.
Casting: Shock (safe; 3% risk of failure)
Confirm with . or Enter, or press ? or * to list all spells.
Aiming: Shock (safe; 3% risk of failure)
Press: ? - help, Shift-Dir - straight line, f/p - orc
Aim: an orc, wielding a +0 whip The zap hits the bullfrog.
The bullfrog is lightly wounded.
The zap hits the orc.
The orc is heavily wounded.
Casting: Shock (safe; 3% risk of failure)
Confirm with . or Enter, or press ? or * to list all spells.
Aiming: Shock (safe; 3% risk of failure)
Press: ? - help, Shift-Dir - straight line, f - orc warrior, p - orc
Aim: an orc warrior, wielding a +0 glaive and wearing a +0 plate armour The zap misses the bullfrog.
The zap hits the orc.
You kill the orc!
The zap hits the orc warrior.
The orc warrior is lightly wounded.
The zap hits the orc warrior.
The orc warrior is lightly wounded.
The bullfrog barely misses you.
Casting: Shock (safe; 3% risk of failure)
Confirm with . or Enter, or press ? or * to list all spells.
Aiming: Shock (safe; 3% risk of failure)
Press: ? - help, Shift-Dir - straight line, f - orc, p - orc warrior
Aim: an orc, wielding a +0 war axe The zap hits the bullfrog!
The bullfrog is heavily wounded.
The zap hits the orc warrior.
The orc warrior is moderately wounded.
The zap hits the orc.
The orc is almost dead.
The zap misses the orc.
The bullfrog hits you! The bullfrog misses you.
Casting: Shock (safe; 3% risk of failure)
Confirm with . or Enter, or press ? or * to list all spells.
Aiming: Shock (safe; 3% risk of failure)
Press: ? - help, Shift-Dir - straight line, f/p - orc
Aim: an orc, wielding a +0 war axe (almost dead)
The zap hits the bullfrog.
The bullfrog is heavily wounded.
The zap hits the orc warrior.
The orc warrior is heavily wounded.
The zap hits the orc.
You kill the orc!
The bullfrog hits you.
Casting: Shock (safe; 3% risk of failure)
Confirm with . or Enter, or press ? or * to list all spells.
Aiming: Shock (safe; 3% risk of failure)
Press: ? - help, Shift-Dir - straight line The zap hits the bullfrog.
The bullfrog is severely wounded.
The zap hits the orc warrior but does no damage.
The orc warrior is heavily wounded.
The zap hits the orc.
The orc is heavily wounded.
The zap hits the orc!
You kill the orc!
The bullfrog hits you.
The orc warrior hits you from afar with a +0 glaive!!
You focus on the pain.
You feel agile all of a sudden.
The bullfrog swells and bulges.
The bullfrog completely misses you. The bullfrog hits you.
The bullfrog barely misses you. The bullfrog misses you.
The bullfrog barely misses you. The bullfrog closely misses you.
The bullfrog hits you.
* * * LOW HITPOINT WARNING * * *
The bullfrog closely misses you. The bullfrog hits you.
* * * LOW HITPOINT WARNING * * *
Casting: Shock (safe; 3% risk of failure)
Confirm with . or Enter, or press ? or * to list all spells.
You feel quick. The bullfrog hits you!
* * * LOW HITPOINT WARNING * * *
You see here a great sword.
The bullfrog hits you.
You die...

#...# ..... ##..#
####.#### ..... ##.#
#.......# .oo.o. #.#
#.##.##.#
.o....#####.#..
#.##.##.#
......)....F..#
#.##.##.# #.# ###
#.##.##.# #)#
#.......######### #.#
#.......#..oF@..# #.#
##.#.##.#.#####.# #.#
#.#.......####.####.#
#.####.#..#...<.....#
#.####.#..#.##.######
#......#.......#
################


You could see an orc warrior and a bullfrog.

Vanquished Creatures
  A phantom (D:5)
  A centaur (D:6)
  2 scorpions (D:5)
  A howler monkey (D:5)
  A crimson imp (D:5)
  A jelly (D:5)
  An orc priest (D:3)
  Jessica (D:2)
  3 orc wizards
  4 worker ants
  A howler monkey zombie (D:5)
  Robin (D:1)
  A worker ant zombie (D:3)
  10 adders
  A shadow imp (D:5)
  3 oozes
  An adder skeleton (D:4)
  3 worms
  4 dart slugs
  14 orcs
  3 ball pythons
  6 giant cockroaches
  16 goblins
  4 hobgoblins
  9 jackals
  2 quokkas
  7 bats
  2 frilled lizards
  2 kobolds (D:3)
  A leopard gecko skeleton (D:5)
  A leopard gecko zombie (D:5)
  5 rats
113 creatures vanquished.

Notes
Turn   | Place    | Note
-------+----------+-------------------------------------------
     0 | D:1      | EnegeticOcto the Demonspawn Air Elementalist began the
                  | quest for the Orb.
     0 | D:1      | Reached XP level 1. HP: 13/13 MP: 3/3
   355 | D:1      | Reached skill level 1 in Fighting
   355 | D:1      | Gained mutation: You have large cloven feet. [demonic
                  | ancestry]
   355 | D:1      | Reached XP level 2. HP: 10/21 MP: 1/5
  1680 | D:2      | Gained mutation: You have hoof-like feet. [demonic
                  | ancestry]
  1680 | D:2      | Reached XP level 3. HP: 18/27 MP: 2/6
  2096 | D:2      | Noticed Jessica
  2214 | D:2      | Killed Jessica
  2214 | D:2      | Gained mutation: You have hooves in place of feet. [demonic
                  | ancestry]
  2214 | D:2      | Reached XP level 4. HP: 32/33 MP: 1/8
  2318 | D:2      | Noticed Robin
  2785 | D:1      | Killed Robin
  2855 | D:2      | Noticed Sigmund
  3539 | D:3      | Found a faded altar of an unknown god.
  3548 | D:3      | Gained mutation: You sometimes gain a little power by
                  | taking damage. [demonic ancestry]
  3548 | D:3      | Reached XP level 5. HP: 32/38 MP: 4/9
  3760 | D:3      | Found an ancient bone altar of Kikubaaqudgha.
  4945 | D:3      | Reached skill level 1 in Evocations
  5070 | D:3      | Reached XP level 6. HP: 22/47 MP: 10/10
  5707 | D:4      | Found a sacrificial altar of Ru.
  5868 | D:5      | Entered Level 5 of the Dungeon
  6003 | D:5      | Learned a level 2 spell: Swiftness
  6007 | D:5      | Learned a level 3 spell: Static Discharge
  6315 | D:5      | Reached XP level 7. HP: 54/54 MP: 5/11
  6953 | D:5      | Found a hazy altar of Hepliaklqana.
  7764 | D:6      | HP: 2/54 [bullfrog (8)]
  7766 | D:6      | Slain by a bullfrog

Levels and vault maps discovered:
D:1:      kennysheep_arrival_seaside, layout_basic
D:2:      minmay_evil_eye, layout_basic, uniq_sigmund, uniq_jessica, uniq_robin
D:3:      layout_basic, lemuel_round_altar,
          chequers_ecumenical_altar_simple_redux
D:4:      layout_cave_pools, nicolae_ru_path_of_blood
D:5:      layout_gridville, kennysheep_mini, first_ration
D:6:      layout_loops_cross, lemuel_round_altar

Skill      XL: |  1  2  3  4  5  6  7 |
---------------+----------------------+-----
Air Magic      | 3 4 |  4.1
Fighting       | 1 2 3 4 |  4.0
Spellcasting   | 3 |  3.2
Conjurations   | 2 3 |  3.0
Evocations     | 1 2 |  2.1
Dodging        | 2 3 |  3.3
Stealth        | 2 4 |  4.0

Action                   |  1- 3 |  4- 6 |  7- 9 || total
-------------------------+-------+-------+-------++-------
Melee: Dagger            |    17 |   104 |    24 ||   145
       Kick              |     2 |    15 |     9 ||    26
Throw: Stone             |     1 |       |       ||     1
 Cast: Shock             |    56 |   121 |    78 ||   255
       Swiftness         |       |       |     1 ||     1
  Use: Scroll            |       |    10 |     1 ||    11
       Potion            |       |     5 |       ||     5
  Eat: Chunk             |     1 |    13 |     2 ||    16
       Ration            |     1 |       |     1 ||     2
Armor: Robe              |    21 |    25 |     4 ||    50
       Chain mail        |       |    38 |       ||    38
Dodge: Dodged            |    50 |    99 |    26 ||   175

Table legend:
 A = Non-vault XP
 B = Vault XP
 C = Vault XP percentage of total XP
 D = Non-vault monster count
 E = Vault monster count
 F = Vault count percentage of total count
                 A         B        C        D         E       F
            +---------+---------+-------+---------+---------+-------
      Total |    1165 |      76 |   6.1 |      98 |      15 |  13.3
            +---------+---------+-------+---------+---------+-------
        D:1 |      46 |      33 |  41.8 |      21 |      11 |  34.4
        D:2 |      54 |      43 |  44.3 |      10 |       4 |  28.6
        D:3 |     223 |       0 |   0.0 |      29 |       0 |   0.0
        D:4 |      59 |       0 |   0.0 |       7 |       0 |   0.0
        D:5 |     566 |       0 |   0.0 |      22 |       0 |   0.0
        D:6 |     217 |       0 |   0.0 |       9 |       0 |   0.0
            +---------+---------+-------+---------+---------+-------
